Map: Dusk Towers

Players

Fropez

  • Race: Protoss Protoss
  • League: Silver
  • Spawn Location: 7:00

DarkSoul - Winner!

  • Race: Protoss Protoss
  • League: Silver
  • Spawn Location: 1:00

VOD

Have the link to the VOD?

Description

Time

  • Played on: June 9, 2016, 9:32 p.m.
  • Length: 13:02
Show
View Real Time Build Order
Export as new Build Order

Fropez Protoss 

Build Orders:  

Get SALT Encoding   

  12  0:01  Probe (Chrono Boost)  
  13  0:14  Pylon  
  13  0:18  Probe (Chrono Boost)  
  15  0:28  Probe (Chrono Boost)  
  15  0:33  Gateway  
  15  0:39  Probe (Chrono Boost)  
  16  0:49  Probe (Chrono Boost)  
  17  0:50  Assimilator  
  17  1:00  Probe (Chrono Boost)  
  18  1:06  Gateway  
  18  1:10  Probe (Chrono Boost)  
  19  1:21  Probe (Chrono Boost)  
  19  1:22  Cybernetics Core  
  20  1:28  Pylon  
  20  1:32  Probe (Chrono Boost)  
  20  1:48  Probe (Chrono Boost)  
  21  1:54  Assimilator  
  21  1:58  Probe (Chrono Boost)  
  21  1:59  Warp Gate (Chrono Boost)  
  22  2:03  Adept  
  24  2:10  Adept  
  26  2:16  Pylon  
  28  2:23  Mothership Core  
  28  2:30  Adept  
  28  2:33  Pylon  
  30  2:44  Probe  
  31  2:54  Gateway  
  31  2:56  Probe  
  32  3:08  Probe  
  32  3:11  Adept x2  
  35  3:19  Gateway  
  35  3:20  Probe  
  35  3:32  Probe  
  36  3:42  Pylon  
  36  4:05  Twilight Council  
  36  4:07  Pylon  
  36  4:48  Stalker x3  
  36  4:51  Blink (Chrono Boost)  
  42  4:56  Probe  
  43  5:00  Nexus  
  43  5:03  Pylon  
  43  5:13  Adept x4  
  45  5:36  Stalker x3  
  45  5:37  Stalker  
  45  5:42  Probe  
  54  5:51  Assimilator  
  54  5:54  Probe  
  55  6:01  Gateway  
  55  6:06  Probe  
  56  6:12  Stargate  
  56  6:31  Adept x2  
  56  6:32  Adept x2  
  64  6:34  Probe  
  64  6:35  Probe  
  66  6:45  Assimilator  
  66  7:02  Stalker x3  
  72  7:13  Stalker x2  
  56  7:38  Stalker x2  
  56  7:39  Stalker x2  
  64  7:44  Phoenix  
  64  7:48  Probe  
  67  7:52  Probe  
  66  8:11  Stalker x3  
  70  8:31  Void Ray (Chrono Boost)  
  72  8:38  Probe  
  72  8:39  Probe  
  74  8:51  Stalker x4  
  80  9:27  Probe  
  80  9:28  Probe  
  82  9:33  Void Ray (Chrono Boost)  
  82  9:34  Resonating Glaives  
  86  9:41  Pylon  
  86  9:43  Pylon  
  86  9:47  Pylon  
  86  9:50  Pylon  
  86  9:59  Probe  
  87  10:03  Pylon  
  87  10:10  Void Ray (Chrono Boost)  
  79  10:43  Nexus  
  79  10:45  Assimilator  
  79  10:46  Probe  
  79  10:49  Assimilator  
  84  10:50  Void Ray (Chrono Boost)  
  84  10:52  Pylon  
  84  10:53  Pylon  
  84  11:02  Probe  
  84  11:03  Probe  
  86  11:12  Probe  
  86  11:15  Probe  
  86  11:16  Gateway  
  88  11:18  Gateway  
  88  11:23  Probe  
  89  11:29  Adept x4  
  95  11:57  Void Ray (Chrono Boost)  
  95  11:58  Adept x2  
  95  11:59  Adept x3  
  49  12:51  Zealot  
Show
View Real Time Build Order
Export as new Build Order

DarkSoul Protoss - Winner!

Build Orders:  

Get SALT Encoding   

  12  0:01  Probe (Chrono Boost)  
  13  0:12  Probe (Chrono Boost)  
  14  0:31  Pylon  
  14  0:32  Probe (Chrono Boost)  
  15  0:41  Assimilator  
  15  0:49  Probe (Chrono Boost)  
  16  0:53  Gateway  
  16  1:01  Gateway  
  16  1:02  Probe (Chrono Boost)  
  17  1:13  Probe (Chrono Boost)  
  17  1:14  Assimilator  
  18  1:23  Probe (Chrono Boost)  
  18  1:25  Pylon  
  19  1:34  Probe (Chrono Boost)  
  20  1:44  Cybernetics Core  
  20  1:50  Probe (Chrono Boost)  
  21  2:00  Probe (Chrono Boost)  
  22  2:11  Probe (Chrono Boost)  
  23  2:17  Pylon  
  23  2:21  Stalker x2  
  27  2:26  Warp Gate (Chrono Boost)  
  27  2:36  Mothership Core  
  29  3:16  Nexus  
  29  3:18  Stalker x2  
  33  3:25  Pylon  
  33  3:27  Probe  
  34  3:39  Probe  
  35  3:42  Twilight Council  
  35  4:14  Probe  
  35  4:15  Gateway  
  36  4:19  Gateway  
  36  4:25  Stalker x2  
  36  4:26  Probe  
  41  4:36  Pylon  
  41  4:50  Probe, Blink (Chrono Boost)  
  41  4:52  Probe  
  43  4:57  Assimilator  
  43  5:01  Probe  
  43  5:02  Assimilator  
  43  5:04  Probe  
  45  5:08  Robotics Facility  
  45  5:37  Stalker x2  
  45  5:38  Stalker x2  
  51  5:43  Probe  
  51  5:45  Probe  
  53  5:54  Forge  
  54  5:57  Observer  
  54  5:59  Probe  
  54  6:01  Probe  
  56  6:10  Probe  
  56  6:13  Probe  
  56  6:14  Pylon  
  56  6:17  Adept  
  56  6:18  Adept x3  
  66  6:34  Gateway, Protoss Ground Weapons Level 1 (Chrono Boost)  
  66  6:35  Pylon  
  66  6:37  Pylon  
  66  6:49  Stalker  
  66  6:50  Stalker x2  
  66  6:51  Stalker  
  74  7:15  Stalker x4  
  76  7:43  Warp Prism  
  78  7:47  Stalker x4  
  78  7:50  Probe  
  86  7:51  Probe  
  88  8:03  Gateway  
  88  8:05  Gateway  
  86  8:15  Probe  
  86  8:16  Probe  
  88  8:20  Protoss Ground Weapons Level 2 (Chrono Boost)  
  88  8:29  Pylon  
  88  8:33  Dark Shrine  
  88  8:43  Nexus  
  88  8:47  Pylon  
  88  8:49  Pylon  
  88  8:54  Pylon  
  88  9:01  Observer  
  89  9:14  Stalker x3  
  93  9:36  Pylon  
  93  9:39  Pylon  
  93  9:43  Photon Cannon  
  93  9:45  Stalker x5  
  97  9:46  Pylon  
  103  9:55  Observer  
  104  10:04  Photon Cannon  
  104  10:06  Photon Cannon  
  98  10:41  Dark Templar x3  
  98  10:42  Dark Templar x4  
  112  10:49  Observer  
  113  11:00  Probe  
  113  11:02  Probe  
  115  11:08  Assimilator  
  115  11:10  Observer  
  116  11:12  Assimilator  
  116  11:16  Dark Templar x4  
  116  11:17  Dark Templar x3  
  130  11:36  Warp Prism  
  118  12:27  Stalker x2  
  118  12:28  Stalker x5  
  110  12:59  Stalker x4  
  110  13:00  Stalker x3  
Tags
 
Matchup
PvP
Replay Pack
All Mines
Spawn Locations
Cross Positions
Add a new tag
Caveats
  • Supply blocks, unpowered buildings, or Contaminate may cause inaccurate times.
  • Supply counts are checked every 10 seconds.